 Dungeon Crawl Stone Soup version 0.27-a0-1119-gbf574a6a6b (webtiles) character file.

Game seed: 16637975031616729049

98335 wakim the Unseen (level 16, -9/84 HPs)
             Began as a Vine Stalker Fighter on May 2, 2021.
             Was an Elder of Uskayaw.
             Mangled by an orc warrior
             ... wielding a +0 battleaxe
              (16 damage)
             ... on level 2 of the Orcish Mines.
             The game lasted 01:44:22 (23357 turns).

wakim the Unseen (Vine Stalker Fighter)            Turns: 23357, Time: 01:44:23

Health: -9/84      AC: 12    Str: 24    XL:     16   Next: 22%
Magic:  0/24       EV: 18    Int:  8    God:    Uskayaw [****..]
Gold:   2352       SH: 21    Dex: 17    Spells: 15/15 levels left

rFire    + . .     SeeInvis .   a - +7 quick blade (venom)
rCold    . . .     Faith    +   I - +2 tower shield
rNeg     . . .     Spirit   +   c - +5 leather armour of Honour {rPois rC+ Str+3 Dex-2}
rPois    +         Reflect  .   Q - +0 helmet of Zepsuiwn {rElec}
rElec    +         Harm     .   (no cloak)
rCorr    .         Rampage  .   x - +0 pair of gloves
Will     ++...                  P - +0 pair of boots {Stlth+}
Stlth    +++++++...             K - amulet of faith
HPRegen  1.24/turn              p - +4 ring of evasion
MPRegen  0.19/turn              j - ring of fire

@: no status effects
A: fangs 3, regeneration 1, magic shield, antimagic bite, no potion heal 2
a: Renounce Religion, Stomp, Line Pass


You were on level 2 of the Orcish Mines.
You worshipped Uskayaw.
Uskayaw was aware of your devotion.
You visited 4 branches of the dungeon, and saw 23 of its levels.
You also visited: Ossuary.

You collected 2352 gold pieces.

Inventory:

Hand Weapons
 a - a +7 quick blade of venom (weapon)
 b - a +1 dagger of venom
 V - a +5 rapier
Missiles
 m - 17 curare-tipped darts {=f}
 o - 5 throwing nets {=f!f}
 q - 3 atropa-tipped darts
Armour
 c - the +5 leather armour of Honour (worn) {rPois rC+ Str+3 Dex-2}
   (You found it on level 6 of the Dungeon)

   It affects your strength (+3).
   It affects your dexterity (-2).
   It protects you from cold.
   It protects you from poison.
 g - a +2 hat of intelligence
 x - a +0 pair of gloves (worn)
 I - a +2 tower shield (worn)
 P - a +0 pair of boots of stealth (worn)
 Q - the +0 helmet of Zepsuiwn (worn) {rElec}
   (You found it on level 13 of the Dungeon)

   It insulates you from electricity.
Jewellery
 e - a ring of fire
 h - a ring of ice
 i - a +4 ring of protection
 j - a ring of fire (right hand)
 k - a ring of poison resistance
 l - a +6 ring of dexterity
 n - an amulet of the acrobat
 p - a +4 ring of evasion (left hand)
 s - an amulet of reflection
 t - a ring of see invisible
 J - a +6 ring of strength
 K - an amulet of faith (around neck)
Wands
 u - a wand of mindburst (56)
 v - a wand of flame (20) (quivered)
 w - a wand of acid (10)
 y - a wand of paralysis (5)
 z - a wand of polymorph (44)
Scrolls
 d - 5 scrolls of enchant armour
 f - 9 scrolls of amnesia
 r - 9 scrolls of identify
 O - a scroll of acquirement
 R - 2 scrolls of magic mapping {!r}
 T - 17 scrolls of teleportation
 U - 4 scrolls of fear
 W - a scroll of holy word
 X - a scroll of fog
 Z - a scroll of silence {!r}
Potions
 A - 6 potions of ambrosia
 B - 6 potions of attraction {!q}
 C - 3 potions of berserk rage {!q}
 D - 3 potions of brilliance
 E - 3 potions of cancellation
 F - 13 potions of curing
 G - 4 potions of flight
 H - 5 potions of haste
 L - 4 potions of lignification {!q}
 M - 3 potions of mutation {!q}
 N - 6 potions of might


   Skills:
 * Level 9.0 Fighting
 + Level 10.8 Short Blades
 + Level 7.4 Armour
 * Level 9.6 Dodging
 * Level 15.3 Stealth
 * Level 10.6 Shields
 + Level 9.7 Invocations
 + Level 6.9 Evocations


You had 15 spell levels left.
You didn't know any spells.
Your spell library contained the following spells:

 Spells                   Type           Power      Damage    Failure   Level
 Magic Dart               Conj           0%         1d3       97%         1
 Sandblast                Erth           0%         2d4       97%         1
 Summon Small Mammal      Summ           0%         N/A       97%         1
 Blink                    Tloc           N/A        N/A       99%         2
 Call Imp                 Summ           0%         N/A       99%         2
 Corpse Rot               Necr/Air       N/A        N/A       99%         2
 Passwall                 Tmut/Erth      0%         N/A       99%         2
 Searing Ray              Conj           0%         3d3       99%         2
 Slow                     Hex            0%         N/A       99%         2
 Call Canine Familiar     Summ           0%         N/A       100%        3
 Confusing Touch          Hex            0%         N/A       100%        3
 Conjure Flame            Conj/Fire      0%         6-21      100%        3
 Dazzling Flash           Conj/Hex       0%         N/A       100%        3
 Gell's Gravitas          Tloc           0%         N/A       100%        3
 Mephitic Cloud           Conj/Pois/Air  0%         N/A       100%        3
 Stone Arrow              Conj/Erth      0%         3d7       100%        3
 Summon Guardian Golem    Hex/Summ       0%         N/A       100%        3
 Fulminant Prism          Conj/Hex       0%         3d6       100%        4
 Ice Form                 Ice/Tmut       0%         N/A       100%        4
 Iskenderun's Mystic Bla  Conj/Tloc      0%         2d3       100%        4
 Petrify                  Tmut/Erth      0%         N/A       100%        4
 Summon Ice Beast         Ice/Summ       0%         N/A       100%        4
 Summon Lightning Spire   Summ/Air       0%         N/A       100%        4
 Hydra Form               Tmut           0%         N/A       100%        5
 Lee's Rapid Deconstruct  Erth           0%         3d5*      100%        5
 Metabolic Englaciation   Hex/Ice        0%         N/A       100%        5
 Silence                  Hex/Air        0%         N/A       100%        5
 Summon Forest            Summ/Tloc      0%         N/A       100%        5
 Yara's Violent Unravell  Hex/Tmut       0%         3d3       100%        5
 Conjure Ball Lightning   Conj/Air       0%         3x3d6     100%        6
 Eringya's Noxious Bog    Tmut/Pois      0%         N/A       100%        6
 Freezing Cloud           Conj/Ice/Air   0%         6-21      100%        6
 Simulacrum               Ice/Necr       0%         N/A       100%        6
 Ozocubu's Refrigeration  Ice            0%         4d5       100%        7
 Summon Hydra             Summ           0%         N/A       100%        7
 Tornado                  Air            0%         N/A       100%        9


Dungeon Overview and Level Annotations

Branches:
Dungeon (14/15)            Temple (1/1) D:6            Lair (6/6) D:9
  Swamp (0/4) Lair:2       Spider (0/4) Lair:4        Slime (0/5) Lair:5
    Orc (2/2) D:12         Vaults (0/5) D:14        Ossuary (visited)
    Elf: Orc:2

Altars:
Ashenzari
Cheibriados
Dithmenos
Elyvilon
Fedhas
Gozag
Hepliaklqana
Kikubaaqudgha
Makhleb
Nemelex Xobeh
Okawaru
Qazlal
Ru
Sif Muna
Trog
Uskayaw
Vehumet
Wu Jian
Xom
Yredelemnul
Zin
The Shining One
Beogh

Shops:
D:4 =

Annotations:
Lair:4 exclusion: 4 oklob plants
Orc:2 Nessos


Innate Abilities, Weirdness & Mutations

You have razor-sharp teeth.
Your natural rate of healing is unusually fast.
When hurt, damage is shared between your health and your magic reserves.
Your bite disrupts and absorbs the magic of your enemies.
Potions cannot restore your health.


Message History

You puncture the orc knight!
The orc knight looks as sick as possible!
The orc knight is heavily wounded.
The centaur shoots an arrow.
You block the arrow.
The orc warrior shoots a bolt.
The bolt closely misses you.
The centaur shoots an arrow.
The arrow hits you! The orc knight misses you.
The orc warrior shoots a bolt.
You block the bolt.
The centaur shoots an arrow.
You block the arrow.
The orc knight unwields a +0 glaive.
The orc knight wields a +0 arbalest.
The orc knight shoots a bolt.
The bolt barely misses you.
The orc warrior shoots a bolt.
The bolt misses you.
Things that are here:
22 arrows; a +0 shortbow The orc knight shoots a bolt.
You block the bolt.
The centaur shoots an arrow.
You block the arrow.
Items here: (( )))))) [ †††.
The centaur shoots an arrow.
The arrow misses you.
The orc warrior shoots a bolt.
You block the bolt.
The centaur shoots an arrow.
The arrow hits you.
Items here: ( )) †.
The orc knight shoots a bolt.
You block the bolt.
The orc warrior shoots a bolt.
The bolt hits you.
The centaur shoots an arrow.
The arrow hits you!
* * * LOW HITPOINT WARNING * * *
Items here: ( )))) [[ †.
The orc knight shoots a bolt.
You block the bolt.
The centaur shoots an arrow.
You block the arrow.
The centaur shoots an arrow.
The arrow hits you!
* * * LOW HITPOINT WARNING * * *
The centaur shoots an arrow.
You block the arrow.
The orc warrior shoots a bolt.
You block the bolt.
The centaur shoots an arrow.
You block the arrow.
The orc knight shoots a bolt.
You block the bolt.
You can no longer merge with and destroy a victim.
The centaur shoots an arrow.
The arrow completely misses you.
The orc knight shoots a bolt.
The bolt hits you!!
* * * LOW HITPOINT WARNING * * *
The orc warrior unwields a +0 arbalest.
The orc warrior wields a +0 battleaxe.
The orc warrior hits you with a +0 battleaxe!!
You die...

......##.....<.................
................)).............
...#.............)..c........##
...###..........)).............
... ##...#......)))..c........
##........##c)##..##...##
#.......##))o(......≈≈#
#........#..)[).....≈≈≈#
##........@o).....≈≈≈≈##
........#......≈≈≈≈###
........#.....≈≈≈≈##
...##............... ...
##............... #.
#..#.....≈≈≈≈####
#..#......≈≈≈≈ #...........


You could see an orc knight (very poisoned), an orc warrior (strong) and 2
centaurs.

Vanquished Creatures
  Rupert (Lair:6)
  Azrael (D:14)
  A fire dragon (D:8)
  12 hydras
  Harold (D:10)
  Fannar (Lair:3)
  5 boulder beetles
  An ice dragon (D:8)
  5 centaur warriors
  A catoblepas (Lair:5)
  2 tengu warriors (D:14)
  6 two-headed ogres
  11 death yaks
  Nergalle (Lair:3)
  Sonja (D:11)
  A deep elf archer (D:13)
  4 orc knights (Orc:2)
  A lindwurm (Lair:6)
  3 wizards
  5 deep elf pyromancers
  5 ugly things
  8 cyclopes
  The ghost of Verendum the Insei, a novice OpFi of Wu Jian (D:7)
  An oklob plant (Lair:5)
  14 slime creatures
  2 manticores
  Joseph (D:8)
  5 black mambas
  8 cane toads
  An unseen horror (shapeshifter) (D:8)
  A rime drake (Lair:3)
  A freezing wraith (D:14)
  13 komodo dragons
  2 kobold demonologists
  2 tengu conjurers (D:14)
  6 polar bears (Lair:6)
  The ghost of bmj180 the Conjurer, an amateur DrCj (D:4)
  5 trolls
  5 hornets
  21 blink frogs
  7 dream sheep
  A tarantella (Lair:4)
  A water elemental (D:11)
  4 wyverns
  2 vampires
  11 spriggans (Lair:6)
  2 wraiths
  68 yaks
  Grum (D:10)
  3 steam dragons (D:6)
  4 hogs (D:8)
  A human (D:8)
  4 basilisks
  12 vampire mosquitoes
  Duvessa (D:7)
  2 acid dragons
  17 water moccasins
  4 hell hounds (D:14)
  A sky beast (D:6)
  25 orc warriors
  2 necrophages
  3 black bears (Lair:6)
  2 ice beasts (D:8)
  4 ogres
  30 wolves
  18 centaurs
  4 boggarts (Lair:6)
  A phantom (D:2)
  2 kobold brigands
  12 bullfrogs
  5 gnoll sergeants
  Dowan (D:6)
  4 scorpions
  A wyvern zombie (D:4)
  2 water moccasin skeletons (D:4)
  10 killer bees
  9 wights
  4 howler monkeys
  8 electric eels
  3 centaur zombies
  3 hounds
  A jelly (D:3)
  2 gnoll shamans
  10 orc priests
  4 bullfrog skeletons
  4 iguanas
  16 orc wizards
  A hound skeleton (D:5)
  13 mummies (Ossuary)
  Robin (D:3)
  14 gnolls
  16 adders
  A howler monkey skeleton (D:6)
  A shadow imp (D:6)
  4 white imps
  2 ufetubi
  A dart slug (D:2)
  61 orcs
  7 bats
  2 endoplasms (D:1)
  4 giant cockroaches
  13 goblins
  13 hobgoblins
  11 jackals
  4 quokkas
  6 ball pythons
  4 frilled lizards
  3 gnoll skeletons (Ossuary)
  A goblin skeleton (Ossuary)
  14 kobolds
  4 kobold skeletons (Ossuary)
  9 rats
  11 rat skeletons (Ossuary)
724 creatures vanquished.

Vanquished Creatures (others)
  A vampire (D:8)
  A centaur (Orc:2)
  An orc wizard (D:10)
  20 fungi
  51 plants
74 creatures vanquished.

Grand Total: 798 creatures vanquished

Notes
Turn   | Place    | Note
-------+----------+-------------------------------------------
     0 | D:1      | wakim the Vine Stalker Fighter began the quest for the Orb.
     0 | D:1      | Reached XP level 1. HP: 11/11 MP: 2/2
    62 | D:1      | Reached skill level 1 in Stealth
    62 | D:1      | Reached XP level 2. HP: 16/16 MP: 3/3
   417 | D:1      | Found a faded altar of an unknown god.
   594 | D:1      | Reached XP level 3. HP: 19/19 MP: 4/4
   595 | D:1      | Reached skill level 2 in Stealth
  1393 | D:2      | Found a shimmering altar of Xom.
  1476 | D:2      | Gained mutation: Your natural rate of healing is unusually
                  | fast. [Vine Stalker growth]
  1476 | D:2      | Reached XP level 4. HP: 22/24 MP: 3/5
  1629 | D:2      | Reached skill level 3 in Stealth
  1715 | D:2      | Identified a scroll of acquirement
  1716 | D:2      | Acquired a +2 hat of intelligence
  1779 | D:2      | Noticed a phantom
  1978 | D:2      | Killed a phantom
  1979 | D:2      | Reached XP level 5. HP: 22/28 MP: 3/6
  2356 | D:3      | Reached skill level 4 in Stealth
  2461 | D:3      | Found an ancient bone altar of Kikubaaqudgha.
  2558 | D:3      | Noticed Robin
  2567 | D:3      | Killed Robin
  2950 | D:3      | Reached XP level 6. HP: 28/32 MP: 5/7
  3011 | D:4      | Found a glowing golden altar of the Shining One.
  3119 | D:4      | Reached skill level 5 in Stealth
  3220 | D:4      | Reached XP level 7. HP: 37/37 MP: 8/8
  3268 | D:4      | Found a runed translucent gate.
  3268 | D:4      | Found a runed translucent gate.
  3268 | D:4      | Found a runed translucent gate.
  3328 | D:4      | Noticed bmj180's ghost (amateur DrCj)
  3360 | D:4      | Reached skill level 6 in Stealth
  3636 | D:4      | Found Ynto's Jewellery Boutique.
  3759 | D:5      | Entered Level 5 of the Dungeon
  3762 | D:5      | Reached skill level 5 in Short Blades
  3832 | D:5      | Found a white marble altar of Elyvilon.
  3975 | D:5      | Found a sand-covered staircase.
  4031 | Ossuary  | Entered an ossuary
  4206 | Ossuary  | Gained mutation: You have razor-sharp teeth. [Vine Stalker
                  | growth]
  4206 | Ossuary  | Reached XP level 8. HP: 35/42 MP: 7/9
  4252 | Ossuary  | Reached skill level 1 in Dodging
  4374 | D:5      | Reached skill level 7 in Stealth
  4456 | D:5      | Found a sacrificial altar of Ru.
  4922 | D:6      | Found a snail-covered altar of Cheibriados.
  4970 | D:6      | HP: 2/42 [something] (8)]
  5188 | D:6      | Found a staircase to the Ecumenical Temple.
  5197 | Temple   | Entered the Ecumenical Temple
  5206 | Temple   | Became a worshipper of Uskayaw the Reveller
  5327 | D:6      | Reached * piety under Uskayaw
  5384 | D:6      | Identified the +5 leather armour of Honour {rPois rC+ Str+3
                  | Dex-2}
  5418 | D:6      | Reached ** piety under Uskayaw
  5456 | D:6      | Reached skill level 8 in Stealth
  5456 | D:6      | Reached XP level 9. HP: 46/46 MP: 10/10
  5685 | D:6      | Reached *** piety under Uskayaw
  5687 | D:6      | Reached skill level 5 in Fighting
  5689 | D:6      | Reached **** piety under Uskayaw
  5699 | D:6      | Reached ***** piety under Uskayaw
  6111 | D:7      | Noticed Duvessa
  6114 | D:7      | Noticed Dowan
  6167 | D:7      | Reached skill level 1 in Invocations
  6329 | D:7      | Killed Duvessa
  6330 | D:7      | Reached skill level 1 in Evocations
  6360 | D:6      | Killed Dowan
  6445 | D:7      | Reached skill level 9 in Stealth
  6445 | D:7      | Reached XP level 10. HP: 42/51 MP: 9/13
  6680 | D:7      | Found a basalt altar of Yredelemnul.
  6691 | D:7      | Found a transporter.
  6697 | D:7      | Found a transporter.
  6698 | D:7      | Noticed Verendum's ghost (novice OpFi)
  6905 | D:8      | Noticed Joseph
  6932 | D:8      | Killed Joseph
  7054 | D:8      | Reached skill level 5 in Shields
  7425 | D:8      | Noticed a kobold demonologist
  7428 | D:8      | Noticed a two-headed ogre
  7435 | D:8      | Killed a kobold demonologist
  7457 | D:8      | Killed a two-headed ogre
  7678 | D:8      | Noticed an ice dragon
  7683 | D:8      | Killed an ice dragon
  7684 | D:8      | Reached skill level 10 in Stealth
  7684 | D:8      | Reached XP level 11. HP: 41/56 MP: 10/15
  7687 | D:8      | Noticed a manticore
  7698 | D:8      | Killed a manticore
  7769 | D:8      | Noticed a six-headed hydra
  7923 | D:8      | Noticed a fire dragon
  7984 | D:8      | Reached skill level 5 in Dodging
  8149 | D:8      | Killed a fire dragon
  8350 | D:8      | Reached skill level 5 in Invocations
  8712 | D:8      | Killed a six-headed hydra
  8871 | D:9      | Found a staircase to the Lair.
  9095 | D:9      | Noticed a two-headed ogre
  9124 | D:9      | Killed a two-headed ogre
  9329 | D:9      | Reached skill level 11 in Stealth
  9348 | D:9      | Found a shadowy altar of Dithmenos.
  9438 | D:9      | Found an iron altar of Okawaru.
  9541 | D:9      | Found a shimmering blue altar of Sif Muna.
  9580 | D:9      | Found a blossoming altar of Fedhas.
  9601 | D:10     | Entered Level 10 of the Dungeon
  9747 | D:10     | Found an opulent altar of Gozag.
  9805 | D:10     | Noticed Harold
  9810 | D:10     | Killed Harold
  9811 | D:10     | Reached XP level 12. HP: 62/62 MP: 17/17
  9835 | D:10     | Found a glowing silver altar of Zin.
 10102 | D:10     | Noticed Grum
 10178 | D:10     | Killed Grum
 10879 | D:4      | Killed bmj180's ghost
 10880 | D:4      | Reached skill level 5 in Armour
 11035 | D:7      | Killed Verendum's ghost
 11328 | D:11     | Noticed a two-headed ogre
 11350 | D:11     | Killed a two-headed ogre
 11498 | D:11     | Found an opulent altar of Gozag.
 11501 | D:11     | Noticed a two-headed ogre
 11551 | D:11     | Killed a two-headed ogre
 11711 | D:11     | Noticed Sonja
 11715 | D:11     | Killed Sonja
 11716 | D:11     | Reached skill level 12 in Stealth
 11941 | Lair:1   | Entered Level 1 of the Lair of Beasts
 12126 | Lair:1   | Reached XP level 13. HP: 59/66 MP: 19/19
 13007 | Lair:2   | Reached ****** piety under Uskayaw
 13546 | Lair:2   | Found a staircase to the Swamp.
 13970 | Lair:3   | Reached skill level 5 in Evocations
 14001 | Lair:3   | Noticed Nergalle
 14008 | Lair:3   | Killed Nergalle
 14183 | Lair:3   | Reached skill level 13 in Stealth
 14212 | Lair:3   | Noticed Fannar
 14222 | Lair:3   | Killed Fannar
 14787 | Lair:4   | Reached XP level 14. HP: 72/72 MP: 21/21
 14854 | Lair:4   | Acquired a +5 quick blade
 15069 | Lair:4   | Reached skill level 10 in Short Blades
 15437 | Lair:4   | Found a hole to the Spider Nest.
 16471 | Lair:5   | Found a staircase to the Slime Pits.
 17350 | Lair:6   | Entered Level 6 of the Lair of Beasts
 17746 | Lair:6   | Reached skill level 14 in Stealth
 17804 | Lair:6   | Noticed Rupert
 17835 | Lair:6   | Killed Rupert
 17836 | Lair:6   | Reached XP level 15. HP: 21/77 MP: 3/22
 19062 | D:12     | Found a staircase to the Orcish Mines.
 19559 | D:12     | Identified the +2 robe "Yproant" {Dex+2}
 19858 | D:13     | Reached skill level 10 in Shields
 20006 | D:13     | Found a transporter.
 20180 | D:13     | Found a transporter.
 21286 | D:13     | Identified the +0 helmet of Zepsuiwn {rElec}
 21436 | D:14     | Found a gate to the Vaults.
 21441 | D:14     | Reached skill level 15 in Stealth
 21699 | D:14     | Noticed Azrael
 21710 | D:14     | Found a stormy altar of Qazlal.
 21947 | D:14     | Killed Azrael
 21949 | D:14     | Reached XP level 16. HP: 39/83 MP: 24/24
 22195 | D:14     | Found a hide-covered altar of Uskayaw.
 22616 | Orc:1    | Entered Level 1 of the Orcish Mines
 22657 | Orc:2    | Entered Level 2 of the Orcish Mines
 22723 | Orc:2    | Noticed Nessos
 23357 | Orc:2    | Mangled by an orc warrior

Illustrated notes

Levels and vault maps discovered:
D:1:      lightli_arrival_noodles, layout_rooms, basic_ecumenical_altar,
          dk_noncrumbling_2
D:2:      minmay_skewed_foursquare, layout_loops_corners, basic_altar
D:3:      layout_loops_ring, nicolae_kikubaaqudgha_miasma_corner, uniq_robin
D:4:      layout_rooms, tso_metal_star, ebering_ghost_rock_garden, serial_shops,
          shop_fountains, minmay_misc_feat_tower, grunt_decor_resistance,
          small_statue_intersection
D:5:      layout_cave_pods, elyvilon_altar_1, lemuel_doored_altar,
          nicolae_ossuary_entry_monument
D:6:      layout_basic, cheibriados_altar_1, minmay_temple_entry_poolview
D:7:      layout_rooms, overflow_temple_1_default, gammafunk_ghost_hive,
          serial_bayou_crossing, uniq_duvessa
D:8:      nzn_winding_woodlands_large [nzn_winding_woodlands_5x5_cross,
          nzn_winding_woodlands_5x15_river_crossing,
          nzn_winding_woodlands_5x5_open_star,
          nzn_winding_woodlands_center_diamonds,
          nzn_winding_woodlands_15x15_thick_spiral,
          nzn_winding_woodlands_center_triple_pond,
          nzn_winding_woodlands_5x5_three,
          nzn_winding_woodlands_5x15_pathside_ponds,
          nzn_winding_woodlands_hourglass], layout_rooms, grunt_livestock,
          chequers_mini_garden, grunt_tough_drop, uniq_joseph
D:9:      layout_small_grid, overflow_temple_1_default, kennysheep_mini_moat,
          kennysheep_little_box, kennysheep_okawaru_gauntlet, minivault_19
D:10:     layout_stronghold, nicolae_gozag_cash_rules_everything_around_me,
          nicolae_overflow_crystal_walls, eino_curves_03, uniq_grum, uniq_harold
D:11:     layout_cave_pools, serial_park, serial_park_square1
          [serial_park_minivault_5x5_4], serial_park_fountain,
          serial_park_square1 [serial_park_minivault_5x5_8], serial_park_square3
          [serial_park_minivault_5x5_3], uniq_sonja
D:12:     layout_cave_pods, orc_david_3, evilmike_minifort
D:13:     gammafunk_the_bubble [the_bubble_gammafunk_plus_minus],
          layout_gridville, minmay_misc_feat_chi
D:14:     minmay_goldmine, layout_rooms, david_vaults_1,
          nicolae_uskayaw_dance_hall, minmay_ruined_shrine, uniq_azrael
Temple:   eino_temple_lava
Lair:1:   layout_regular_city, serial_bayou_shore_b
Lair:2:   layout_chaotic_city, minmay_swamp_entry_eels,
          infiniplex_staircase_pool_2
Lair:3:   layout_regular_city, st_stairs_5, grunt_megastairs_2,
          serial_bayou_shore_a, lemuel_fruit_fields, uniq_fannar, uniq_nergalle
Lair:4:   layout_layer_cave, spider_nest_entry_rubble, grunt_megastairs_3,
          minmay_lair_oklob_chamber
Lair:5:   wad_woods_structure_01, layout_small_grid, dpeg_slime_entry_corner,
          cheibrodos_lair_reptile_den
Lair:6:   minmay_lair_end_enchanted_forest, layout_gridlike, grunt_megastairs_1,
          uniq_rupert
Orc:1:    layout_diamond_mine, basic_altar, guppyfry_library_mini
Orc:2:    st_orc_rangers, layout_caves, nicolae_orc_stony_grotto, uniq_nessos,
          uniq_erolcha

Skill      XL: |  1  2  3  4  5  6  7  8  9 10 11 12 13 14 15 16 |
---------------+-------------------------------------------------+-----
Short Blades   | 2 3 4 5 6 7 8 9 10 | 10.8
Stealth        | 1 2 3 4 5 6 8 9 10 11 12 13 14 15 | 15.3
Fighting       | 3 4 5 6 7 8 9 |  9.0
Dodging        | 2 3 4 5 6 7 8 9 |  9.6
Shields        | 3 4 5 6 7 8 9 10 | 10.6
Armour         | 3 4 5 6 7 |  7.4
Invocations    | 2 4 5 7 8 9 |  9.7
Evocations     | 1 2 3 4 5 6 |  6.9

Action                   |  1- 3 |  4- 6 |  7- 9 | 10-12 | 13-15 | 16-18 || total
-------------------------+-------+-------+-------+-------+-------+-------++-------
Melee: Rapier            |    12 |       |       |       |       |       ||    12
       Bite              |    19 |    31 |    97 |   224 |   505 |    73 ||   949
       Dagger            |    55 |   138 |   266 |   597 |   272 |     6 ||  1334
       Quick blade       |       |       |       |       |   915 |   189 ||  1104
Invok: Line Pass         |       |       |       |     1 |     1 |       ||     2
       Grand Finale      |       |       |       |       |     5 |       ||     5
Evoke: Wand              |       |       |       |     7 |    26 |     3 ||    36
  Use: Scroll            |     4 |     3 |     7 |    10 |     9 |     2 ||    35
       Potion            |       |       |       |     2 |     1 |       ||     3
 Stab: Sleeping          |       |     2 |    16 |    11 |    35 |     2 ||    66
       Paralysed         |       |       |     5 |    22 |    81 |    19 ||   127
       Distracted        |       |       |       |       |     7 |     3 ||    10
Armor: Scale mail        |    20 |    41 |    49 |       |       |       ||   110
       Leather armour    |       |       |    31 |   154 |   181 |    21 ||   387
Dodge: Dodged            |    16 |    29 |    66 |   343 |   371 |   111 ||   936
Block: Kite shield       |    26 |    53 |   101 |   366 |    26 |       ||   572
       Tower shield      |       |       |       |       |   897 |   202 ||  1099

Table legend: (Time is in decaauts)
 A = Elapsed time spent in this place.
 B = Non-inter-level travel time spent in this place.
 C = Inter-level travel time spent in this place.
 D = Time resting spent in this place.
 E = Time spent auto-exploring this place.
 F = Levels seen in this place.
 G = Mean time per level.
                   A        B        C        D        E       F      G
               +--------+--------+--------+--------+--------+-----+--------+
         Total |  22814 |  20845 |   1969 |    563 |  14345 |  24 |  950.6 |
       Dungeon |  14826 |  13463 |   1363 |    186 |   9605 |  14 | 1059.0 |
        Temple |     84 |     78 |      6 |      0 |     69 |   1 |   84.0 |
          Lair |   6898 |   6332 |    566 |    305 |   4307 |   6 | 1149.7 |
  Orcish Mines |    675 |    642 |     33 |     72 |    301 |   2 |  337.5 |
       Ossuary |    328 |    328 |      0 |      0 |     62 |   1 |  328.0 |
               +--------+--------+--------+--------+--------+-----+--------+

Top non-repeatable levels by time:
     D:8: 1853 daAuts
  Lair:5: 1540 daAuts
    D:13: 1494 daAuts
  Lair:6: 1363 daAuts
    D:10: 1309 daAuts
     D:2: 1287 daAuts
     D:6: 1262 daAuts
  Lair:4: 1159 daAuts
  Lair:2: 1053 daAuts
  Lair:1: 986 daAuts
     D:7: 955 daAuts
     D:4: 910 daAuts
    D:12: 886 daAuts
     D:9: 881 daAuts
     D:1: 861 daAuts
